 Dungeon Crawl Stone Soup version 0.22.1-1-ga44c0e5 (webtiles) character file.

459 eccles the Chopper (level 6, -4/56 HPs)
             Began as a Minotaur Berserker on Oct 10, 2018.
             Was a Priest of Trog.
             Slain by an ogre
             ... wielding a +0 giant club
              (27 damage)
             ... on level 5 of the Dungeon on Oct 11, 2018.
             The game lasted 00:17:20 (3389 turns).

eccles the Chopper (Minotaur Berserker)             Turns: 3389, Time: 00:17:21

Health: -4/56      AC:  9    Str: 22    XL:     6   Next: 78%
Magic:  5/5        EV:  9    Int:  4    God:    Trog [***...]
Gold:   357        SH:  0    Dex: 11    Spells: 5/5 levels left

rFire    . . .     SeeInvis .   a - +0 hand axe
rCold    . . .     Gourm    .   (no shield)
rNeg     . . .     Faith    .   q - +0 chain mail
rPois    .         Spirit   .   (helmet restricted)
rElec    .         Reflect  .   (no cloak)
rCorr    .         Harm     .   (no gloves)
MR       .....                  (no boots)
Stlth    ..........             (no amulet)
HPRegen  0.18/turn              (no ring)
MPRegen  0.09/turn              (no ring)

@: no status effects
A: retaliatory headbutt, horns 2
a: Berserk, Trog's Hand, Renounce Religion


You were on level 5 of the Dungeon.
You worshipped Trog.
Trog was most pleased with you.
You were very hungry.

You visited 1 branch of the dungeon, and saw 5 of its levels.

You collected 357 gold pieces.

Inventory:

Hand Weapons
 a - a +0 hand axe (weapon)
Missiles
 w - 8 javelins (quivered)
Armour
 b - a +0 animal skin
 e - a +0 leather armour
 o - a +0 ring mail
 q - a +0 chain mail (worn)
Scrolls
 d - a scroll of noise {unknown}
 f - 3 scrolls of amnesia
 g - a scroll of blinking {unknown}
 h - a scroll of immolation {unknown}
 i - a scroll of teleportation {unknown}
 m - 8 scrolls of identify {unknown}
 s - a scroll of remove curse {unknown}
 u - 2 scrolls of enchant weapon {unknown}
 v - a scroll of fear {unknown}
Potions
 j - a potion of magic
 k - 2 potions of degeneration {unknown}
 l - a potion of mutation {unknown}
 r - a potion of ambrosia {unknown}
 t - a potion of might {unknown}
 x - a potion of brilliance {unknown}
Comestibles
 c - 5 rations
 n - 6 chunks of flesh


   Skills:
 * Level 5.2 Fighting
 * Level 6.9 Axes
 + Level 4.6 Armour
 + Level 3.1 Dodging


You had 5 spell levels left.
You didn't know any spells.
Your spell library was empty.

Dungeon Overview and Level Annotations

Branches:
Dungeon (5/15)
 Temple: D:4-7

Altars:
Ashenzari
Cheibriados
Elyvilon
Nemelex Xobeh
Ru
Yredelemnul


Innate Abilities, Weirdness & Mutations

You reflexively headbutt those who attack you in melee.
You have a pair of horns on your head.


Message History

The ogre closely misses you. You furiously retaliate!
You headbutt the ogre! You barely miss the ogre.
The ogre is severely wounded.
The ogre hits you with a giant club! The quokka bites you.
You closely miss the ogre.
The ogre is severely wounded.
You hit the quokka. The quokka closely misses you.
The ogre hits you with a giant club!
You barely miss the ogre. You headbutt the ogre!
The ogre is almost dead.
You hit the quokka.
You kill the quokka!
Trog accepts your kill.
You hit the ogre. You headbutt the ogre.
The ogre is almost dead.
The ogre hits you with a giant club.
You barely miss the ogre.
The ogre is almost dead.
The ogre hits you with a giant club!!
You die...

#..........#
#..........#
#..........#
#..........#
#.....$....#
#......)...#
###..........#
.......†.....+
##...O@.....#
#..........+
#..........##.#
#######+#<....#
#........
########.


You could see an ogre.

Vanquished Creatures
  Sigmund (D:4)
  An orc priest (D:3)
  An orc wizard (D:3)
  2 hound skeletons (D:4)
  A hound zombie (D:4)
  4 gnolls
  3 adders
  3 oozes
  4 worms
  3 dart slugs
  2 leopard geckos (D:1)
  12 orcs
  6 bats
  4 giant cockroaches
  9 goblins
  9 hobgoblins
  2 jackals (D:1)
  3 quokkas
  10 frilled lizards
  9 kobolds
  10 rats
99 creatures vanquished.

Notes
Turn   | Place    | Note
-------+----------+-------------------------------------------
     0 | D:1      | eccles the Minotaur Berserker began the quest for the Orb.
     0 | D:1      | Reached XP level 1. HP: 19/19 MP: 0/0
   241 | D:1      | Reached XP level 2. HP: 26/27 MP: 1/1
   249 | D:1      | Reached skill level 4 in Axes
   478 | D:1      | Reached XP level 3. HP: 33/33 MP: 2/2
   832 | D:2      | Reached XP level 4. HP: 11/41 MP: 3/3
  1022 | D:2      | Reached ** piety under Trog
  1071 | D:2      | Found a shattered altar of Ashenzari.
  1085 | D:2      | Found a sparkling altar of Nemelex Xobeh.
  1161 | D:2      | Found a white marble altar of Elyvilon.
  1220 | D:2      | Reached skill level 5 in Axes
  1271 | D:2      | Found a basalt altar of Yredelemnul.
  1271 | D:2      | Found a sacrificial altar of Ru.
  1522 | D:2      | Found a faded altar of an unknown god.
  1684 | D:3      | Found a snail-covered altar of Cheibriados.
  1727 | D:3      | Reached XP level 5. HP: 30/47 MP: 4/4
  2108 | D:3      | Reached skill level 6 in Axes
  2697 | D:4      | Noticed Sigmund
  2728 | D:4      | HP: 1/47 [something (6)]
  2747 | D:4      | Killed Sigmund
  2747 | D:4      | Reached *** piety under Trog
  2747 | D:4      | Reached skill level 5 in Fighting
  2747 | D:4      | Reached XP level 6. HP: 12/56 MP: 5/5
  3376 | D:5      | Entered Level 5 of the Dungeon
  3389 | D:5      | Slain by an ogre

Skill      XL: |  1  2  3  4  5 |
---------------+----------------+-----
Axes           | 4 5 6 |  6.9
Fighting       | 4 5 |  5.2
Armour         | 3 4 |  4.6
Dodging        | 3 |  3.1

Action                   |  1- 3 |  4- 6 || total
-------------------------+-------+-------++-------
Melee: Hand axe          |    72 |   162 ||   234
       Headbutt          |     8 |    31 ||    39
Invok: Berserk           |     1 |     1 ||     2
       Trog's Hand       |       |     1 ||     1
  Use: Potion            |       |     6 ||     6
       Scroll            |       |     1 ||     1
  Eat: Chunk             |       |     9 ||     9
Armor: Leather armour    |    22 |     2 ||    24
       Animal skin       |     1 |       ||     1
       Ring mail         |       |     8 ||     8
       Chain mail        |       |    58 ||    58
Dodge: Dodged            |    45 |    64 ||   109
